AoeStats
← Comend x comend

Lombardia

507396368Analyzed
4v4 RM · 14d ago on Sep 18, 2026· 38m 33s· 8 players
Game mode
Random Map
Map size
Large (8 player)
Population
200
Speed
Normal
Resources
Standard
Victory
Conquest
Starting age
Dark Age
Ending age
Imperial Age
RankedLock teamsTeams togetherTeam positionsShared explorationLock speedFull tech treeHidden civsTurbo modeCheats
Victory
Defeat
🇳🇿 Hindustanis · New Zealand
1394
+14
🇺🇸 Magyars · United States
1311
+18
🇺🇸 Britons · United States
1310
+18
🇺🇸 Burgundians · United States
1301
+18
🇦🇷 Persians · Argentina
1387
-18
🇵🇪 Ethiopians · Peru
1348
-17
🇧🇷 Muisca · Brazil
1346
-17
🇦🇷 Magyars · Argentina
1327
-16
Comend x comend
7:36 Loom
12:40 Feudal Age
14:15 Double-Bit Axe
16:57 Castle Age
16:33 Wheelbarrow
21:49 Bow Saw
23:59 Hand Cart
25:56 Gold Mining
25:56 Stone Mining
28:11 Gold Shaft Mining
31:43 Imperial Age
29:29 Horse Collar
30:20 Bow Saw
30:13 Heavy Plow
30:57 Town Watch
32:18 Royal Heirs
32:36 Forging
32:26 Scale Mail Armor
32:17 Fletching
32:27 Padded Archer Armor
33:42 Two-Man Saw
32:55 Crossbowman
33:58 Torsion Engines
35:02 Conscription
35:05 Ballistics
35:46 Chemistry
34:45 Bodkin Arrow
34:20 Arbalester
35:54 Thumb Ring
ValkriaN
9:18 Feudal Age
9:53 Loom
9:55 Double-Bit Axe
18:16 Castle Age
16:50 Horse Collar
19:17 Wheelbarrow
19:32 Bow Saw
19:48 Heavy Plow
23:09 Fletching
23:20 Padded Archer Armor
27:01 Thumb Ring
27:39 Leather Archer Armor
27:39 Bloodlines
27:29 Husbandry
28:38 Hand Cart
28:35 Gold Mining
29:10 Stone Mining
29:53 Bodkin Arrow
30:42 Treadmill Crane
31:01 Town Watch
33:56 Imperial Age
32:25 Husbandry
33:14 Town Patrol
34:29 Ballistics
35:26 Conscription
36:08 Parthian Tactics
35:55 Bracer
37:21 Chemistry
36:53 Ring Archer Armor
36:18 Heavy Cavalry Archer
l3av3x
7:24 Loom
9:46 Feudal Age
10:15 Double-Bit Axe
16:01 Castle Age
14:43 Horse Collar
17:19 Bow Saw
23:57 Town Watch
24:48 Wheelbarrow
26:50 Champi Runner
29:24 Wheelbarrow
31:24 Hand Cart
35:42 Imperial Age
34:16 Heavy Plow
34:07 Stone Mining
34:08 Gold Mining
35:13 Pikeman
36:38 Squires
36:39 Scale Mail Armor
36:49 Forging
Durazno Nalgón
10:42 Feudal Age
9:03 Loom
14:40 Castle Age
12:30 Horse Collar
12:38 Double-Bit Axe
17:48 Loom
20:46 Town Watch
23:30 Bow Saw
23:24 Heavy Plow
23:32 Gold Mining
25:55 Stone Mining
28:56 Imperial Age
27:56 Scale Barding Armor
28:02 Forging
28:52 Bloodlines
28:43 Husbandry
29:40 Chain Barding Armor
30:20 Wheelbarrow
29:45 Town Patrol
30:45 Conscription
31:13 Plate Barding Armor
31:38 Iron Casting
31:44 Hand Cart
32:54 Devotion
34:03 Stone Shaft Mining
34:05 Gold Shaft Mining
35:38 Blast Furnace
35:52 Scale Mail Armor
36:31 Elite War Elephant
frivolous spender
7:03 Loom
10:02 Feudal Age
11:07 Double-Bit Axe
17:04 Horse Collar
17:54 Bloodlines
19:58 Wheelbarrow
19:46 Scale Barding Armor
20:54 Gold Mining
25:34 Castle Age
28:06 Bow Saw
27:57 Heavy Plow
28:59 Hand Cart
29:18 Stone Mining
32:49 Hand Cart
33:59 Gold Shaft Mining
38:50 Imperial Age
36:45 Fletching
38:19 Thumb Ring
39:01 Bodkin Arrow
39:06 Padded Archer Armor
Chase_The_Dragon
2:00 Loom
10:35 Feudal Age
11:30 Double-Bit Axe
12:17 Horse Collar
16:47 Castle Age
15:41 Bow Saw
16:46 Scale Barding Armor
17:20 Forging
17:10 Gold Mining
17:23 Cavalier
22:42 Husbandry
25:27 Wheelbarrow
24:38 Town Watch
28:00 Heavy Plow
33:13 Imperial Age
31:14 Hand Cart
30:52 Stone Mining
31:45 Gold Shaft Mining
32:13 Burgundian Vineyards
32:37 Chain Barding Armor
33:34 Iron Casting
33:38 Stone Shaft Mining
34:26 Two-Man Saw
34:10 Crop Rotation
34:17 Conscription
34:41 Plate Barding Armor
34:00 Elite Coustillier
35:48 Blast Furnace
36:53 Fletching
37:55 Bodkin Arrow
N1K
9:19 Loom
11:06 Feudal Age
12:51 Double-Bit Axe
15:15 Castle Age
16:23 Bow Saw
19:11 Horse Collar
23:21 Heavy Plow
24:51 Wheelbarrow
26:26 Scale Barding Armor
27:08 Hand Cart
27:55 Bloodlines
27:45 Husbandry
30:18 Imperial Age
28:51 Chain Barding Armor
28:42 Forging
30:18 Gold Mining
31:25 Iron Casting
31:44 Gold Shaft Mining
30:43 Heavy Camel Rider
32:00 Plate Barding Armor
32:22 Town Watch
33:38 Two-Man Saw
32:34 Imperial Camel Rider
33:14 Stone Mining
34:28 Blast Furnace
34:44 Chemistry
33:55 Padded Archer Armor
33:19 Light Cavalry
34:06 Hussar
35:21 Leather Archer Armor
35:29 Ballistics
35:21 Masonry
38:09 Ring Archer Armor
39:02 Grand Trunk Road
39:22 Conscription
Mickie | Moose
6:07 Loom
9:31 Feudal Age
10:07 Double-Bit Axe
13:36 Fletching
14:01 Horse Collar
21:42 Castle Age
21:14 Town Watch
22:05 Wheelbarrow
21:47 Crossbowman
22:24 Bodkin Arrow
22:44 Bow Saw
25:50 Ballistics
28:33 Gold Mining
28:46 Heavy Plow
33:08 Hand Cart
32:51 Stone Mining
33:38 Gold Shaft Mining
37:58 Imperial Age
35:59 Fortified Wall
39:47 Two-Man Saw
Connection lost

Rejoining the realm…

Still unreachable

The connection could not be restored.

Session expired

The server has moved on; the page needs a fresh start.